 Dungeon Crawl Stone Soup version 0.18-a0-1560-ge216ca8 (webtiles) character file.

9301 angel3174 the Covered (level 11, -4/84 HPs)
             Began as a Demonspawn Abyssal Knight on Mar 12, 2016.
             Was a High Priest of Lugonu.
             Slain by an orc warrior
             ... wielding a +0 trident
             ... led by an orc knight
              (19 damage)
             ... on level 10 of the Dungeon.
             The game lasted 01:57:46 (11673 turns).

angel3174 the Covered (Demonspawn Abyssal Knight)  Turns: 11673, Time: 01:57:50

Health: -4/84      AC: 18    Str: 18    XL:     11   Next: 21%
Magic:  7/14       EV: 15    Int: 13    God:    Lugonu [*****.]
Gold:   360        SH:  2    Dex: 14    Spells: 3 memorised, 8 levels left

rFire  + . .     SeeInvis .     u - +0 glaive "Wiurid" {freeze, rN+ Str+3}
rCold  . . .     Gourm    .     p - +2 scale mail
rNeg   + . .     Faith    .     (shield currently unavailable)
rPois  +         Spirit   .     (helmet unavailable)
rElec  .         Dismiss  .     x - +2 cloak {MR+}
rCorr  .         Reflect  +     f - +1 pair of gloves
SustAt .         Harm     .     (no boots)
MR     +....                    y - +2 amulet of reflection
Stlth  +.........               V - +4 ring of evasion
                                b - ring of poison resistance

@: somewhat resistant to hostile enchantments, very unstealthy
A: horns 3, icy blue scales 2, fire resistance 1, spiny 1, flame cloud immunity
a: Depart the Abyss, Bend Space, Banish, Corrupt, Enter the Abyss, Renounce
Religion


You were on level 10 of the Dungeon.
You worshipped Lugonu.
Lugonu was extremely pleased with you.
You were not hungry.

You visited 3 branches of the dungeon, and saw 12 of its levels.
You visited the Abyss 1 time.

You collected 721 gold pieces.
You spent 361 gold pieces at shops.

Inventory:

Hand Weapons
 u - the +0 glaive "Wiurid" (weapon) {freeze, rN+ Str+3}
   (You found it on level 4 of the Dungeon)

   It has been specially enchanted to freeze those struck by it, causing extra
   injury to most foes and up to half again as much damage against particularly
   susceptible opponents.
   It can also slow down cold-blooded creatures.
   It affects your strength (+3).
   It protects you from negative energy.
 A - a +6 flail
 B - a +1 blowgun
Missiles
 c - 6 needles of confusion
 e - 4 curare-tipped needles
 r - 7 exploding javelins
 s - 55 poisoned needles
 t - a throwing net (quivered)
 E - 6 needles of frenzy
 S - a tomahawk
Armour
 f - a +1 pair of gloves (worn)
 p - a +2 scale mail (worn)
 x - a +2 cloak of magic resistance (worn)
 K - a +0 plate armour
 R - a troll hide {Snorg}
Jewellery
 b - a ring of poison resistance (left hand)
 n - an uncursed ring of see invisible
 y - a +2 amulet of reflection (around neck)
 I - an uncursed amulet of dismissal
 V - a +4 ring of evasion (right hand)
 W - an uncursed ring of protection from magic
Wands
 m - a wand of lightning (11/15)
 v - a wand of acid (4/15)
 z - a wand of iceblast (6/15)
 C - a wand of teleportation (4/9)
 G - a wand of enslavement (10/24)
 N - a wand of iceblast (5/15)
 T - a wand of enslavement (13/24)
Scrolls
 d - a scroll of immolation
 h - 2 scrolls of amnesia
 k - 4 scrolls of teleportation
 o - a scroll of identify
 J - 2 scrolls of remove curse
Potions
 a - a potion of agility
 l - 4 potions of mutation
 q - a potion of berserk rage
 F - a potion of magic
 L - 3 potions of flight
 M - 2 potions of lignification
 O - a potion of invisibility
 P - 2 potions of curing
 Q - a potion of brilliance
Books
 H - a book of Cantrips

   Spells                             Type                      Level
   a - Corona                         Hexes                        1
   b - Animate Skeleton               Necromancy                   1
   c - Summon Small Mammal            Summoning                    1
   d - Apportation                    Translocation                1
Comestibles
 j - a beef jerky
 w - 4 bread rations
 U - 14 fruits


   Skills:
 + Level 7.4 Fighting
 + Level 7.6 Polearms
 + Level 7.4 Throwing
 + Level 7.7 Armour
 + Level 5.7 Dodging
 + Level 3.4 Stealth
 + Level 0.6 Spellcasting
 + Level 4.6 Invocations
 + Level 1.1 Evocations


You had 8 spell levels left.
You knew the following spells:

 Your Spells              Type           Power        Failure   Level  Hunger
a - Corona                Hex            #......      82%         1    ##.....
b - Summon Small Mammal   Summ           #...         82%         1    ##.....
c - Apportation           Tloc           #.........   82%         1    ##.....


Dungeon Overview and Level Annotations

Branches:
Dungeon (10/15)            Temple (1/1) D:6            Lair (0/8) D:10
    Orc (1/2) D:10

Altars:
Ashenzari
Cheibriados
Dithmenos
Elyvilon
Fedhas
Gozag
Kikubaaqudgha
Makhleb
Nemelex Xobeh
Okawaru
Pakellas
Qazlal
Ru
Sif Muna
Trog
Vehumet
Xom
Yredelemnul
Zin
The Shining One

Shops:
D:10 *

Annotations:
Orc:1 corrupted


Innate Abilities, Weirdness & Mutations

You have a pair of large horns on your head.
You are mostly covered in icy blue scales (AC +3, EV -1).
Your flesh is heat resistant.
You are partially covered in sharp spines.
You are immune to clouds of flame.


Message History

The orc priest dies!
The smoke demon hits the sun demon but does no damage.
The smoke demon hits the sun demon.
The smoke demon closely misses the sun demon.
The tentacled starspawn completely misses the ogre.
The tentacled starspawn engulfs the ogre!!
The tentacled starspawn barely misses the ogre.
The tentacled starspawn engulfs the ogre!
The ogre dies!
A starcursed mass splits.
You climb upwards.
Welcome back to the Dungeon!
There is a staircase to the Orcish Mines here.
As you read the scroll of fog, it crumbles to dust.
The scroll dissolves into smoke.
The orc warrior is struck by your spines.
The orc warrior hits you with a dire flail.
* * * LOW HITPOINT WARNING * * *
The orc priest hits you but does no damage.
The orc warrior hits you with a trident!!
You die...

# #....................
#############.................#.∩
.................................
........>....#############......#
.............# #<.###..
........>....# ##### #..#####
.............###..§#######.......
..............§§oo...............
..........)....§@O§..............
###############oo§§..............
################.................
.................................
#################################


You could see an orc knight, 2 orc warriors, an ogre and an orc priest
(frenzied).

Vanquished Creatures
  Snorg (D:10)
  Erolcha (D:8)
  Erica (D:8)
  An unseen horror (D:10)
  A hill giant (D:10)
  Pikel (D:5)
  Maurice (D:8)
  A two-headed ogre (D:10)
  Prince Ribbit (D:5)
  A hippogriff (D:7)
  3 wargs (D:10)
  2 hell hounds (D:10)
  4 slaves (D:5)
  A black bear (D:6)
  An ice beast (D:6)
  4 orc warriors
  A phantom (D:9)
  6 ogres
  A wasp (D:9)
  3 centaurs
  2 big kobolds
  Blork the orc (D:6)
  6 giant frogs
  2 scorpions
  A wyvern skeleton (D:8)
  4 killer bees (D:5)
  2 water moccasin skeletons (D:10)
  3 howler monkeys
  A wasp zombie (D:8)
  A giant frog zombie (D:10)
  4 crimson imps
  A jelly (D:7)
  4 hounds
  An orc priest (D:8)
  3 iguanas
  19 orc wizards
  4 worker ants
  A hound zombie (D:7)
  A hound skeleton (D:6)
  5 worker ant zombies
  Robin (D:2)
  9 gnolls
  A howler monkey zombie (D:7)
  5 adders
  2 shadow imps
  3 oozes
  An adder skeleton (D:8)
  An adder zombie (D:9)
  A worm (D:2)
  2 dart slugs
  6 giant geckos
  39 orcs
  8 giant cockroaches
  20 goblins
  9 hobgoblins
  12 jackals
  20 kobolds
  3 quokkas
  7 bats
  8 giant newts
  A quokka skeleton (D:5)
  7 rats
  2 bushes (Temple)
  2 fungi (D:3)
  2 plants (Temple)
274 creatures vanquished.

Vanquished Creatures (collateral kills)
  An ogre (D:10)
  A big kobold (D:9)
  2 orcs (D:8)
4 creatures vanquished.

Vanquished Creatures (others)
  A two-headed ogre (D:10)
  A hungry ghost (D:10)
  A centaur (D:6)
  2 ogres
  An orc priest (Orc:1)
  An orc wizard (Orc:1)
  3 orcs
  A bat (D:2)
11 creatures vanquished.

Grand Total: 289 creatures vanquished

Notes
Turn   | Place    | Note
--------------------------------------------------------------
     0 | Abyss:1  | angel3174 the Demonspawn Abyssal Knight began the quest for the Orb.
     0 | Abyss:1  | Reached XP level 1. HP: 18/18 MP: 2/2
     7 | Abyss:1  | Found a corrupted altar of Lugonu.
    55 | D:1      | Escaped the Abyss
   242 | D:1      | Gained mutation: You have a pair of small horns on your head. [demonic ancestry]
   242 | D:1      | Reached XP level 2. HP: 14/24 MP: 4/4
   440 | D:1      | Reached skill level 1 in Dodging
   499 | D:1      | Reached XP level 3. HP: 29/29 MP: 5/5
   672 | D:1      | Reached ** piety under Lugonu
  1133 | D:2      | Reached XP level 4. HP: 37/37 MP: 6/6
  1327 | D:2      | Noticed Robin
  1344 | D:2      | Killed Robin
  1568 | D:2      | Found a white marble altar of Elyvilon.
  1581 | D:2      | Reached *** piety under Lugonu
  2311 | D:2      | Found a blossoming altar of Fedhas.
  2592 | D:3      | Gained mutation: You are partially covered in sharp spines. [demonic ancestry]
  2592 | D:3      | Reached XP level 5. HP: 40/42 MP: 7/7
  3307 | D:4      | Reached skill level 1 in Throwing
  3345 | D:4      | Noticed an ogre
  3354 | D:4      | Banished an ogre
  3538 | D:4      | Got a dazzling glaive
  3545 | D:4      | Identified the +0 glaive "Wiurid" {freeze, rN+ Str+3} (You found it on level 4 of the Dungeon)
  3584 | D:4      | Noticed an ogre
  3591 | D:4      | Killed an ogre
  3591 | D:4      | Gained mutation: You have a pair of horns on your head. [demonic ancestry]
  3591 | D:4      | Reached XP level 6. HP: 33/49 MP: 8/8
  3752 | D:4      | Reached skill level 1 in Stealth
  3773 | D:4      | Found a shattered altar of Ashenzari.
  4140 | D:5      | Entered Level 5 of the Dungeon
  4252 | D:5      | Reached **** piety under Lugonu
  4254 | D:5      | Gained mutation: You are partially covered in icy blue scales (AC +1). [demonic ancestry]
  4254 | D:5      | Reached XP level 7. HP: 49/55 MP: 9/9
  4307 | D:5      | Noticed Prince Ribbit
  4315 | D:5      | Killed Prince Ribbit
  4704 | D:5      | Noticed Pikel
  5099 | D:5      | Killed Pikel
  5099 | D:5      | Reached skill level 5 in Fighting
  5099 | D:5      | Reached skill level 5 in Armour
  5099 | D:5      | Gained mutation: You have a pair of large horns on your head. [demonic ancestry]
  5099 | D:5      | Reached XP level 8. HP: 50/62 MP: 9/11
  5419 | D:5      | Found a radiant altar of Vehumet.
  5599 | D:6      | Learned a level 1 spell: Corona
  5601 | D:6      | Learned a level 1 spell: Summon Small Mammal
  5603 | D:6      | Learned a level 1 spell: Apportation
  5662 | D:6      | Noticed Blork the orc
  5688 | D:6      | Killed Blork the orc
  6177 | D:6      | Gained mutation: Your flesh is heat resistant. [demonic ancestry]
  6177 | D:6      | Reached XP level 9. HP: 53/69 MP: 12/12
  6361 | D:6      | Found a staircase to the Ecumenical Temple.
  6615 | Temple   | Entered the Ecumenical Temple
  7154 | D:7      | Reached skill level 5 in Polearms
  7398 | D:7      | Reached ***** piety under Lugonu
  8248 | D:8      | Reached skill level 5 in Throwing
  8517 | D:8      | Noticed Erolcha
  8519 | D:8      | Noticed Erica
  8532 | D:8      | Killed Erolcha
  8532 | D:8      | Gained mutation: You are immune to clouds of flame. [demonic ancestry]
  8532 | D:8      | Reached XP level 10. HP: 41/77 MP: 13/13
  8706 | D:8      | Killed Erica
  8762 | D:8      | Noticed Maurice
  8798 | D:8      | Killed Maurice
  8798 | D:8      | Reached skill level 5 in Dodging
  9568 | D:9      | Found a sparkling altar of Nemelex Xobeh.
  9961 | D:10     | Entered Level 10 of the Dungeon
  9961 | D:10     | Found Gueluf's Demolitions Depot.
  9970 | D:10     | Bought 8 exploding javelins for 179 gold pieces
  9970 | D:10     | Bought a wand of iceblast (9/15) for 182 gold pieces
 10055 | D:10     | Found a staircase to the Lair.
 10191 | D:10     | Killed an unseen horror
 10550 | D:10     | Noticed Snorg
 10575 | D:10     | Killed Snorg
 10575 | D:10     | Gained mutation: You are mostly covered in icy blue scales (AC +3, EV -1). [demonic ancestry]
 10575 | D:10     | Reached XP level 11. HP: 22/84 MP: 14/14
 10907 | D:10     | Found a staircase to the Orcish Mines.
 11216 | D:10     | Found a blossoming altar of Fedhas.
 11294 | Orc:1    | Entered Level 1 of the Orcish Mines
 11300 | Orc:1    | Noticed an orc knight
 11301 | Orc:1    | Noticed an orc sorcerer
 11301 | Orc:1    | Noticed an orc sorcerer
 11313 | D:10     | Reached skill level 1 in Evocations
 11569 | D:10     | Noticed a hill giant
 11610 | D:10     | Killed a hill giant
 11670 | Orc:1    | Corrupted Orc:1
 11670 | Orc:1    | Noticed a hell hog
 11670 | Orc:1    | Noticed a thrashing horror
 11670 | Orc:1    | Noticed a tentacled starspawn
 11670 | Orc:1    | Noticed a hell hog
 11670 | Orc:1    | Noticed a tentacled starspawn
 11670 | Orc:1    | Noticed a starcursed mass
 11670 | Orc:1    | Noticed a deep elf demonologist
 11670 | Orc:1    | Noticed a purple very ugly thing
 11670 | Orc:1    | Noticed a large abomination
 11670 | Orc:1    | Noticed a tentacled starspawn
 11670 | Orc:1    | Noticed a starcursed mass
 11670 | Orc:1    | Noticed a starcursed mass
 11672 | Orc:1    | Noticed a sun demon
 11673 | D:10     | Slain by an orc warrior

Vault maps used:
D:1:      dpeg_arrival_lava_temple_mockup
D:2:      lemuel_round_altar, elyvilon_altar_4, uniq_robin
D:3:      first_bread, kennysheep_small_spiral, minmay_gold_behind_fungi
D:4:      ashenzari_altar_1
D:5:      lemuel_crystal_altar, gup_sewer_entry_bowl,
          kennysheep_generic_room_10, uniq_prince_ribbit1, uniq_pikel
D:6:      lemuel_temple_firewalk, uniq_blork_the_orc
D:7:      minmay_flawed_box
D:8:      uniq_erolcha, uniq_maurice, uniq_erica
D:9:      basic_altar, minivault_23
D:10:     minmay_lair_entry_lava, minmay_orc_entry_guard_dogs,
          hangedman_tree_tricks, nicolae_blasting_shop, uniq_snorg
Temple:   kilobyte_greek_temple_18
Orc:1:    basic_altar

Skill      XL: |  1  2  3  4  5  6  7  8  9 10 11 |
---------------+----------------------------------+-----
Armour         | 2 3 4 5 6 7 |  7.7
Polearms       | 2 3 4 6 7 |  7.6
Dodging        | 1 2 3 4 5 |  5.7
Invocations    | 3 4 |  4.6
Fighting       | 4 5 6 7 |  7.4
Throwing       | 2 3 5 7 |  7.4
Stealth        | 1 3 |  3.4
Evocations     | 1 |  1.1
Spellcasting   | |  0.6

Action                   |  1- 3 |  4- 6 |  7- 9 | 10-12 || total
-------------------------+-------+-------+-------+-------++-------
Melee: Spear             |   108 |   135 |       |       ||   243
       Glaive            |       |    28 |   296 |   107 ||   431
 Fire: Blowgun           |       |       |     2 |    29 ||    31
Throw: Javelin           |     4 |    43 |     9 |     1 ||    57
       Stone             |       |    10 |    11 |       ||    21
       Tomahawk          |       |       |    55 |    15 ||    70
Invok: Banish            |       |     1 |     2 |       ||     3
       Corrupt           |       |       |       |     1 ||     1
Evoke: Wand              |       |     3 |       |    11 ||    14
  Use: Scroll            |     6 |    11 |    13 |    11 ||    41
       Potion            |       |     6 |     3 |     4 ||    13
 Stab: Confused          |       |       |       |     1 ||     1
  Eat: Chunk             |     1 |     4 |     4 |       ||     9
       Bread ration      |       |     1 |     1 |       ||     2
       Royal jelly       |       |     1 |       |       ||     1
       Meat ration       |       |       |     1 |     2 ||     3
       Fruit             |       |       |     1 |     1 ||     2
       Pizza             |       |       |     1 |       ||     1
